 Dungeon Crawl Stone Soup version 0.27.0-1-g7a089689b8 (webtiles) character file.

Game seed: 10938624919290043799

9758 inmateoo the Cleaver (level 11, -3/99 HPs)
             Began as a Minotaur Fighter on Aug 10, 2021.
             Was a High Priest of Okawaru.
             Slain by an ogre mage (6 damage)
             ... on level 10 of the Dungeon.
             The game lasted 00:08:17 (11850 turns).

inmateoo the Cleaver (Minotaur Fighter)            Turns: 11850, Time: 00:08:18

Health: -3/99      AC: 15    Str: 23    XL:     11   Next: 27%
Magic:  11/11      EV:  7    Int:  5    God:    Okawaru [*****.]
Gold:   302        SH:  7    Dex: 11    Spells: 10/10 levels left

rFire    . . .     SeeInvis .   z - +0 broad axe (vamp)
rCold    + . .     Faith    .   q - +1 buckler {rC+}
rNeg     . . .     Spirit   .   f - +1 plate armour {rPois}
rPois    +         Reflect  .   (helmet restricted)
rElec    .         Harm     .   (no cloak)
rCorr    .         Rampage  .   (no gloves)
Will     .....                  (no boots)
Stlth    ..........             l - amulet of magic regeneration
HPRegen  0.26/turn              (no ring)
MPRegen  0.37/turn              (no ring)

@: studying Shields
A: horns 2, retaliatory headbutt
a: Renounce Religion, Heroism, Finesse


You were on level 10 of the Dungeon.
You worshipped Okawaru.
Okawaru was extremely pleased with you.
You visited 2 branches of the dungeon, and saw 11 of its levels.

You collected 546 gold pieces.
You spent 244 gold pieces at shops.

Inventory:

Hand Weapons
 a - a +0 war axe
 u - a +0 hand axe of flaming
 z - a +0 vampiric broad axe (weapon)
Armour
 f - a +1 plate armour of poison resistance (worn)
 q - a +1 buckler of cold resistance (worn)
Jewellery
 l - an amulet of magic regeneration (around neck)
 w - a ring of protection from fire
 x - a ring of magical power
Wands
 d - a wand of mindburst (15)
 e - a wand of iceblast (13)
 n - a wand of paralysis (12)
Scrolls
 g - 4 scrolls of teleportation
 h - a scroll of torment
 i - a scroll of enchant armour
 p - a scroll of silence
 y - a scroll of magic mapping
 A - a scroll of identify
 B - a scroll of fog
Potions
 b - 2 potions of haste
 c - 2 potions of invisibility
 j - a potion of cancellation
 k - a potion of flight
 m - 2 potions of berserk rage
 o - 3 potions of heal wounds
 r - a potion of lignification
 s - a potion of ambrosia {unknown}
 t - a potion of brilliance {unknown}
 v - 4 potions of curing


   Skills:
 + Level 10.1 Fighting
 * Level 13.1 Axes
 + Level 10.1 Armour
 + Level 10.8 Shields
 + Level 1.7 Invocations


You had 10 spell levels left.
You didn't know any spells.
Your spell library contained the following spells:

 Spells                   Type           Power      Damage    Failure   Level
 Magic Dart               Conj           0%         1d3       100%        1
 Blink                    Tloc           N/A        N/A       100%        2
 Call Imp                 Summ           0%         N/A       100%        2
 Ensorcelled Hibernation  Hex/Ice        0%         N/A       100%        2
 Static Discharge         Conj/Air       0%         N/A       100%        2
 Conjure Flame            Conj/Fire      0%         6-21      100%        3
 Gell's Gravitas          Tloc           0%         N/A       100%        3
 Ignite Poison            Fire/Tmut/Pois 0%         N/A       100%        3
 Lesser Beckoning         Tloc           0%         N/A       100%        3
 Mephitic Cloud           Conj/Pois/Air  0%         N/A       100%        3
 Spider Form              Tmut/Pois      0%         N/A       100%        3
 Teleport Other           Tloc           0%         N/A       100%        3
 Dispel Undead            Necr           0%         3d6       100%        4
 Sticky Flame             Conj/Fire      0%         2d3       100%        4
 Manifold Assault         Tloc           0%         N/A       100%        5
 Dispersal                Tloc           0%         N/A       100%        6
 Shadow Creatures         Summ           N/A        N/A       100%        6


Dungeon Overview and Level Annotations

Branches:
Dungeon (10/15)            Temple (1/1) D:4
   Lair: D:8-11         Orc: D:9-12

Altars:
Ashenzari
Cheibriados
Dithmenos
Elyvilon
Fedhas
Gozag
Hepliaklqana
Kikubaaqudgha
Nemelex Xobeh
Okawaru
Qazlal
Ru
Sif Muna
Trog
Uskayaw
Vehumet
Wu Jian
Yredelemnul
Zin
The Shining One

Shops:
D:2 (   D:5 (   D:6 :   D:8 ?

Annotations:
D:8 1 runed translucent door


Innate Abilities, Weirdness & Mutations

You have a pair of horns on your head.
You reflexively headbutt those who attack you in melee.


Message History

The centaur warrior shoots an arrow.
You hear some strange, mumbled words.
You suddenly lose the ability to move!
The centaur warrior shoots an arrow.
The arrow completely misses you. Something completely misses you.
The centaur warrior unwields a +0 shortbow.
The centaur warrior hits you. The centaur warrior kicks you.
Something hits you.
The centaur warrior hits you but does no damage.
The centaur warrior kicks you but does no damage.
The cyclops throws a large rock.
The boulder beetle curls into a ball and begins rolling!
The centaur warrior hits you!
* * * LOW HITPOINT WARNING * * *
The centaur warrior kicks you.
* * * LOW HITPOINT WARNING * * *
Something hits you but does no damage.
The centaur warrior hits you but does no damage.
The centaur warrior kicks you but does no damage.
The boulder beetle stops rolling and uncurls.
Something hits you!
* * * LOW HITPOINT WARNING * * *
The centaur warrior hits you.
* * * LOW HITPOINT WARNING * * *
The centaur warrior kicks you but does no damage.
The centaur warrior hits you but does no damage.
The centaur warrior kicks you but does no damage.
Something hits you.
* * * LOW HITPOINT WARNING * * *
The centaur warrior hits you!
* * * LOW HITPOINT WARNING * * *
The centaur warrior kicks you but does no damage.
You can move again.
Unknown command.
As you read the scroll labelled YSA DAXAPN, it crumbles to dust.
It is a scroll of brand weapon.
Your +0 broad axe thirsts for the lives of mortals!
z - a +0 vampiric broad axe (weapon)
Something hits you.
You die...

###.≈≈P..P..P≈≈#...)##......#
#...P♣♣.♣♣PP.#....##......##
#...♣♣...♣♣.......##........
##♣.♣....P♣.♣..#####.........
♣P..._...P♣..# #.........
##♣.♣P....♣.♣..#####.........
#...♣♣...♣♣.P..##.>.........
#..PP♣♣.♣♣.....##...........
#.≈≈P..P...≈≈.@##...........
##≈≈.P♣♣♣P.≈Cc.##.C.B.......
#####.....#....BC##........... ..
#.............................#..
#........................#.......
#..........##..............####.#
#..........##..............#.....
#..........##..............#.....
#..........##............#.#.....


You could see a boulder beetle, a centaur warrior and 2 cyclopes.

Vanquished Creatures
  2 hydras
  An ogre mage (D:10)
  A two-headed ogre (D:10)
  A gargoyle (D:8)
  A kobold demonologist (D:7)
  Prince Ribbit (D:5)
  Sigmund (D:5)
  A shadow (D:7)
  2 wyverns
  6 yaks
  A steam dragon (D:5)
  4 vampire mosquitoes (D:9)
  An acid dragon (D:7)
  Duvessa (D:7)
  2 orc warriors
  5 sky beasts
  2 ice beasts
  2 necrophages
  5 ogres
  3 phantoms
  7 centaurs
  4 bullfrogs
  Dowan (D:7)
  3 gnoll sergeants
  3 scorpions
  A water moccasin skeleton (D:7)
  3 howler monkeys
  A centaur zombie (D:9)
  A bullfrog zombie (D:6)
  A gnoll shaman (D:9)
  A jelly (D:4)
  2 orc priests
  5 hounds
  Jessica (D:2)
  9 orc wizards
  2 iguanas
  A killer bee zombie (D:7)
  18 gnolls
  5 adders
  2 howler monkey skeletons (D:7)
  3 shadow imps
  A white imp (D:5)
  2 ufetubi (D:5)
  An adder zombie (D:5)
  2 adder skeletons
  3 dart slugs
  19 orcs
  6 bats
  7 endoplasms
  5 giant cockroaches
  8 goblins
  5 hobgoblins
  13 jackals
  4 quokkas
  9 ball pythons
  2 frilled lizards
  5 kobolds
  3 rats (D:1)
212 creatures vanquished.

Vanquished Creatures (others)
  An orc wizard (D:5)
1 creature vanquished.

Grand Total: 213 creatures vanquished

Notes
Turn   | Place    | Note
-------+----------+-------------------------------------------
     0 | D:1      | inmateoo the Minotaur Fighter began the quest for the Orb.
     0 | D:1      | Reached XP level 1. HP: 19/19 MP: 0/0
   107 | D:1      | Reached XP level 2. HP: 27/27 MP: 1/1
   278 | D:1      | Reached skill level 3 in Axes
   469 | D:1      | Reached XP level 3. HP: 33/33 MP: 2/2
   480 | D:1      | Found a faded altar of an unknown god.
   829 | D:2      | Noticed Jessica
   834 | D:2      | Killed Jessica
   853 | D:2      | Reached XP level 4. HP: 37/40 MP: 3/3
   860 | D:2      | Found Pyenomifegg's Antique Weapon Shop.
  1256 | D:3      | Reached skill level 4 in Axes
  2173 | D:4      | Reached XP level 5. HP: 47/47 MP: 4/4
  2298 | D:4      | Noticed a phantom
  2313 | D:4      | Killed a phantom
  2314 | D:4      | Reached skill level 5 in Axes
  2314 | D:4      | Reached XP level 6. HP: 32/55 MP: 5/5
  2474 | D:4      | Found a glowing golden altar of the Shining One.
  2518 | D:4      | Reached skill level 5 in Fighting
  2518 | D:4      | Reached skill level 5 in Armour
  2518 | D:4      | Reached skill level 5 in Shields
  2671 | D:4      | Found a shimmering blue altar of Sif Muna.
  2808 | D:4      | Reached skill level 6 in Axes
  2883 | D:4      | Found a staircase to the Ecumenical Temple.
  3067 | Temple   | Entered the Ecumenical Temple
  3350 | D:5      | Entered Level 5 of the Dungeon
  3350 | D:5      | Found Xutt's Antique Weapon Shoppe.
  3371 | D:5      | Reached XP level 7. HP: 7/61 MP: 6/6
  3781 | D:5      | Noticed Sigmund
  3786 | D:5      | Noticed Prince Ribbit
  3805 | D:5      | Killed Sigmund
  3918 | D:5      | Killed Prince Ribbit
  3919 | D:5      | Reached skill level 7 in Axes
  4086 | D:5      | Reached XP level 8. HP: 46/70 MP: 7/7
  4486 | D:5      | Reached skill level 8 in Axes
  5045 | D:5      | HP: 3/71 [something (7)]
  5421 | D:5      | Reached skill level 9 in Axes
  6087 | D:6      | Found a sacrificial altar of Ru.
  6109 | D:6      | Found a hide-covered altar of Uskayaw.
  6148 | D:6      | Reached XP level 9. HP: 77/79 MP: 8/8
  6399 | D:6      | Found Xaej's Book Emporium.
  6428 | D:6      | Found an ancient bone altar of Kikubaaqudgha.
  6768 | D:7      | Found an iron altar of Okawaru.
  6769 | D:7      | Noticed a kobold demonologist
  6784 | D:7      | Noticed a sixfirhy
  6785 | D:7      | Killed a kobold demonologist
  6786 | D:7      | Reached skill level 10 in Axes
  6793 | D:7      | Became a worshipper of Warmaster Okawaru
  6856 | D:7      | Noticed Dowan
  6856 | D:7      | Noticed Duvessa
  6869 | D:7      | Killed Duvessa
  6878 | D:7      | Killed Dowan
  7136 | D:7      | Reached * piety under Okawaru
  7706 | D:7      | Reached skill level 11 in Axes
  7737 | D:7      | Reached ** piety under Okawaru
  7738 | D:7      | Reached XP level 10. HP: 82/90 MP: 9/9
  7965 | D:7      | Identified the +10 hunting sling of Hyofruw {vorpal, Will++
                  | Dex-2}
  8179 | D:8      | Found Kixumn's Magic Scroll Boutique.
  8193 | D:8      | Bought 3 scrolls of teleportation for 144 gold pieces
  8243 | D:8      | Found a runed translucent door.
  8250 | D:8      | Found a basalt altar of Yredelemnul.
  8541 | D:8      | Noticed a gargoyle
  8544 | D:8      | Found a hazy altar of Hepliaklqana.
  8545 | D:8      | Found a faded altar of an unknown god.
  8552 | D:8      | Killed a gargoyle
  9032 | D:9      | Found a shadowy altar of Dithmenos.
  9158 | D:9      | Found a broken altar of Ashenzari.
  9260 | D:9      | Noticed a seven-headed hydra
  9271 | D:9      | Killed a one-headed hydra
  9271 | D:9      | Reached *** piety under Okawaru
  9272 | D:9      | Reached skill level 12 in Axes
  9976 | D:5      | Bought a broad axe for 100 gold pieces
  9976 | D:5      | Identified a scroll of acquirement
  9976 | D:5      | Acquired a manual of Shields
 10095 | D:10     | Entered Level 10 of the Dungeon
 10753 | D:10     | Reached skill level 10 in Shields
 10821 | D:10     | Found a white marble altar of Elyvilon.
 10821 | D:10     | Noticed a two-headed ogre
 10828 | D:10     | Killed a two-headed ogre
 10828 | D:10     | Reached **** piety under Okawaru
 11017 | D:10     | Reached XP level 11. HP: 60/99 MP: 10/10
 11350 | D:10     | Noticed a seven-headed hydra
 11350 | D:10     | Noticed an ogre mage
 11350 | D:10     | Noticed an orc knight
 11351 | D:10     | Noticed a white ugly thing
 11351 | D:10     | Noticed a centaur warrior
 11351 | D:10     | Noticed an ogre mage
 11352 | D:10     | Noticed an orc knight
 11352 | D:10     | Noticed a boulder beetle
 11352 | D:10     | Noticed a deep elf pyromancer
 11353 | D:10     | Noticed a tengu warrior
 11366 | D:10     | Killed a two-headed hydra
 11366 | D:10     | Reached ***** piety under Okawaru
 11367 | D:10     | Reached skill level 10 in Fighting
 11367 | D:10     | Reached skill level 13 in Axes
 11367 | D:10     | Reached skill level 10 in Armour
 11367 | D:10     | Reached skill level 1 in Invocations
 11748 | D:10     | Killed an ogre mage
 11843 | D:10     | Paralysed by something for 7 turns
 11849 | D:10     | HP: 3/99 [centaur warrior (8)]
 11850 | D:10     | Slain by an ogre mage

Illustrated notes

Levels and vault maps discovered:
D:1:      elethiomel_arrival_shortcut, layout_basic,
          hellmonk_ecumenical_altar_arch_garden, st_stairs_8,
          minmay_splitting_lines, hangedman_decor_riveting
D:2:      layout_rooms, serial_shops, nicolae_shop_stone, feat_on_display,
          uniq_jessica
D:3:      layout_loops_corners, minmay_misc_feat_tiny, serial_bayou_pond_b
D:4:      minmay_inner_zag, layout_cave_pools, mainiacjoe_overflow_tiny_flanked,
          lemuel_coloured_pillars_altar, minmay_temple_entry_poolview,
          nrook_mini_vaults, nrook_campfire, st_stairs_1,
          kennysheep_cross_bottleneck, minivault_26
D:5:      layout_basic, serial_shops, nicolae_diamond_shop, st_stairs_14,
          minmay_puff, uniq_sigmund, uniq_prince_ribbit1
D:6:      layout_cave_pools, mainiacjoe_overflow_six_doors_small,
          lemuel_crystal_altar, kiku_gazebo_garden_becter, serial_column_ruins,
          column_ruins_corridor_corner, column_ruins_grid_3,
          column_ruins_columns_corner, column_ruins_open_tiny,
          column_ruins_open_tiny, serial_shops, shop_statue, st_stairs_4,
          glass_columns_b
D:7:      layout_loops_ring, okawaru_ov_weapons_minmay,
          minmay_chambers_of_fives, uniq_duvessa
D:8:      layout_basic, dk_yredelemnul_ordeal,
          beargit_hepliaklqana_dungeon_heroes, serial_shops, shop_fountains
D:9:      layout_irregular_city, nicolae_ashenzari_skybound,
          grunt_dithmenos_smoke_and_mirrors
D:10:     layout_basic, grunt_temple_overflow_champion_of_chaos,
          nicolae_elyvilon_peaceful_grove, minivault_28
Temple:   compressed_dpeg_triangle_lava_temple

Skill      XL: |  1  2  3  4  5  6  7  8  9 10 11 |
---------------+----------------------------------+-----
Axes           | 3 4 5 6 7 9 11 12 13 | 13.1
Shields        | 4 5 6 7 8 10 | 10.8
Fighting       | 4 5 6 7 8 9 10 | 10.1
Armour         | 4 5 6 7 8 9 10 | 10.1
Invocations    | 1 |  1.7

Action                   |  1- 3 |  4- 6 |  7- 9 | 10-12 || total
-------------------------+-------+-------+-------+-------++-------
Melee: War axe           |    63 |   153 |   260 |   111 ||   587
       Headbutt          |     8 |    25 |    50 |    39 ||   122
       Broad axe         |       |       |       |    73 ||    73
       Hand axe          |       |       |       |    14 ||    14
  Use: Scroll            |       |    10 |     1 |    12 ||    23
       Potion            |       |     1 |     3 |       ||     4
Armor: Scale mail        |    27 |    10 |       |       ||    37
       Chain mail        |       |    68 |    45 |       ||   113
       Plate armour      |       |       |    84 |   150 ||   234
Dodge: Dodged            |    20 |    34 |    65 |    71 ||   190
Block: Kite shield       |    34 |    85 |    64 |       ||   183
       Buckler           |       |       |    33 |   100 ||   133
